AoeStats
← [CL] Libertaria

African Clearing

511162295Analyzed
4v4 RM · 11d ago on Oct 4, 2026· 59m 43s· 8 players
Game mode
Random Map
Map size
Large (8 player)
Population
200
Speed
Normal
Resources
Standard
Victory
Conquest
Starting age
Dark Age
Ending age
Imperial Age
RankedLock teamsTeams togetherTeam positionsShared explorationLock speedFull tech treeHidden civsTurbo modeCheats
Victory
Defeat
🇨🇱 Wei · Chile
1561
+8
🇨🇱 Danes · Chile
1555
+8
🇨🇱 Vietnamese · Chile
1375
+14
🇨🇱 Franks · Chile
1289
+17
vs
🇹🇷 Khmer · Türkiye
1482
-17
🇺🇸 Chinese · United States
1376
-13
🇺🇸 Vikings · United States
1278
-9
🇫🇮 Huns · Finland
1256
-8
Rhythm_
3:39 Loom
14:03 Feudal Age
14:49 Horse Collar
14:55 Double-Bit Axe
17:58 Castle Age
19:01 Bow Saw
20:26 Wheelbarrow
24:48 Wheelbarrow
24:59 Heavy Plow
25:21 Stone Mining
27:31 Hand Cart
27:46 Town Watch
28:32 Gold Mining
32:24 Imperial Age
32:02 Bloodlines
31:54 Husbandry
32:01 Scale Barding Armor
32:46 Forging
33:02 Chain Barding Armor
33:46 Gold Shaft Mining
32:34 Cavalier
33:36 Conscription
34:02 Iron Casting
35:40 Coinage
36:51 Plate Barding Armor
37:17 Blast Furnace
43:19 Banking
44:30 Elite Chu Ko Nu
45:01 Fletching
45:11 Padded Archer Armor
47:15 Leather Archer Armor
46:55 Bodkin Arrow
48:48 Capped Ram
49:44 Siege Ram
53:00 Two-Man Saw
55:38 Light Cavalry
56:39 Bracer
57:10 Ring Archer Armor
AxingQuestions
9:39 Loom
13:56 Feudal Age
22:05 Double-Bit Axe
24:59 Town Watch
28:50 Fletching
29:01 Padded Archer Armor
53:11 Gold Mining
53:12 Stone Mining
53:31 Stone Mining
57:02 Castle Age
59:02 Bow Saw
59:31 Gold Shaft Mining
Bzm_Castle
3:22 Loom
14:46 Feudal Age
21:59 Castle Age
23:16 Crossbowman
24:32 Fletching
44:20 Double-Bit Axe
45:49 Wheelbarrow
48:48 Horse Collar
51:58 Town Watch
52:59 Hand Cart
56:06 Heavy Plow
56:05 Gold Mining
56:05 Stone Mining
56:37 Bow Saw
56:41 Husbandry
57:29 Forging
57:25 Scale Barding Armor
56:43 Light Cavalry
58:51 Bodkin Arrow
59:34 Iron Casting
59:19 Chain Barding Armor
TdB.Jonyas
8:57 Loom
12:24 Feudal Age
13:01 Double-Bit Axe
14:02 Town Watch
14:53 Wheelbarrow
14:06 Town Watch
16:05 Forging
16:39 Horse Collar
19:11 Bloodlines
19:22 Scale Barding Armor
23:47 Castle Age
24:40 Husbandry
25:01 Chain Barding Armor
25:03 Bow Saw
32:16 Heavy Plow
35:24 Stone Mining
39:41 Imperial Age
38:18 Coinage
39:07 Gold Mining
41:03 Plate Barding Armor
39:56 Cavalier
41:58 Banking
41:04 Light Cavalry
42:24 Iron Casting
42:52 Hussar
43:55 Paladin
44:58 Conscription
48:43 Blast Furnace
49:22 Gold Shaft Mining
51:11 Chemistry
56:13 Fletching
57:33 Ballistics
58:53 Bodkin Arrow
Jhasper con manos
12:33 Feudal Age
12:26 Loom
13:07 Double-Bit Axe
14:09 Wheelbarrow
13:15 Horse Collar
15:54 Gold Mining
17:14 Fletching
20:19 Padded Archer Armor
24:45 Castle Age
24:37 Stone Mining
25:23 Bodkin Arrow
24:48 Crossbowman
27:18 Hand Cart
30:49 Ballistics
31:16 Bow Saw
43:05 Imperial Age
42:38 Squires
43:50 Bracer
45:19 Chemistry
44:59 Scale Mail Armor
47:32 Forging
47:40 Chain Mail Armor
48:27 Masonry
54:08 Plate Mail Armor
53:15 Elite Fire Lancer
55:33 Forging
55:39 Leather Archer Armor
55:44 Heavy Plow
56:55 Iron Casting
56:24 Murder Holes
58:33 Ring Archer Armor
[CL] Dubstepyzed
9:16 Loom
11:49 Feudal Age
11:53 Man-at-Arms
12:55 Double-Bit Axe
13:00 Arson
15:40 Horse Collar
17:54 Forging
17:48 Scale Mail Armor
19:19 Wheelbarrow
18:56 Forging
29:36 Castle Age
28:33 Gold Mining
29:19 Fletching
30:03 Stone Mining
29:43 Long Swordsman
30:23 Gambesons
30:46 Squires
30:31 Pikeman
32:02 Chain Mail Armor
34:07 Bow Saw
36:57 Bodkin Arrow
41:59 Hand Cart
41:30 Town Watch
43:13 Iron Casting
47:50 Heavy Plow
47:51 Fishing Lines
47:47 Hamask
51:29 Gold Shaft Mining
54:13 Imperial Age
53:10 Murder Holes
53:42 Ballistics
54:52 Masonry
55:26 Plate Mail Armor
54:17 Elite Jomsviking
54:33 Halberdier
55:53 Conscription
56:07 Bracer
57:10 Chemistry
57:32 Blast Furnace
58:04 Hoardings
58:29 Capped Ram
[CL] Libertaria
11:55 Loom
13:41 Feudal Age
12:00 Loom
14:19 Loom
15:21 Double-Bit Axe
16:22 Wheelbarrow
15:37 Horse Collar
16:32 Fishing Lines
19:08 Castle Age
18:44 Fletching
18:49 Gold Mining
19:59 Bodkin Arrow
23:36 Husbandry
23:47 Bloodlines
25:54 Bow Saw
29:07 Town Watch
29:37 Hand Cart
34:57 Imperial Age
33:02 Thumb Ring
33:58 Ballistics
34:28 Stone Mining
44:00 Conscription
47:17 Ming Guang Armor
46:59 Scale Barding Armor
47:56 Forging
49:07 Chain Barding Armor
49:23 Iron Casting
50:05 Chemistry
50:41 Hoardings
51:40 Blast Furnace
53:19 Fortified Wall
52:34 Elite Tiger Cavalry
56:48 Tuntian
Darthseveros
11:00 Loom
13:47 Feudal Age
17:12 Double-Bit Axe
20:24 Castle Age
19:47 Scale Barding Armor
23:01 Husbandry
28:07 Forging
31:36 Bow Saw
38:00 Iron Casting
37:46 Chain Barding Armor
38:54 Town Watch
39:48 Wheelbarrow
41:48 Imperial Age
43:34 Blast Furnace
43:10 Plate Barding Armor
43:18 Pikeman
45:55 Squires
58:53 Cavalier
Connection lost

Rejoining the realm…

Still unreachable

The connection could not be restored.

Session expired

The server has moved on; the page needs a fresh start.